 Dungeon Crawl Stone Soup version 0.27-a0-1147-gb3d8e82157 (webtiles) character file.

Game seed: 1957283403219422288

15614 Wyvernaa the Slinger (level 12, 0/109 HPs)
             Began as a Deep Dwarf Hunter on May 12, 2021.
             Was a Believer of Elyvilon.
             Slain by a polar bear (18 damage)
             ... on level 1 of the Lair of Beasts.
             The game lasted 01:31:02 (16779 turns).

Wyvernaa the Slinger (Deep Dwarf Hunter)           Turns: 16779, Time: 01:31:03

Health: 0/109      AC: 18    Str: 19    XL:     12   Next: 2%
Magic:  3/3 (11)   EV: 11    Int: 11    God:    Elyvilon [**....]
Gold:   162        SH:  0    Dex: 16    Spells: 11/11 levels left

rFire    . . .     SeeInvis +   K - +4 scimitar of Forced Transition {antimagic, rElec}
rCold    + . .     Faith    .   D - +2 kite shield {AC+3}
rNeg     + . .     Spirit   .   I - +2 swamp dragon scales
rPois    +         Reflect  .   (no helmet)
rElec    +         Harm     .   H - +1 cloak {Will+}
rCorr    +         Rampage  .   (no gloves)
Will     ++...                  i - +1 pair of boots
Stlth    ..........             (no amulet)
HPRegen  0.00/turn              O - ring "Extan" {rC+ rN+ rCorr}
MPRegen  0.08/turn              u - ring of see invisible

@: confused, brilliant, ambrosia-drunk
A: damage resistance, heal wounds, sense surroundings 2, no regeneration
a: Heal Wounds, Renounce Religion, Lesser Healing, Heal Other, Divine Protection


You were on level 1 of the Lair of Beasts.
You worshipped Elyvilon.
Elyvilon was pleased with you.
You visited 2 branches of the dungeon, and saw 12 of its levels.
You also visited: Bailey and Ice Cave.

You collected 1342 gold pieces.
You spent 1180 gold pieces at shops.

Inventory:

Hand Weapons
 t - a +3 vorpal falchion
 x - a +2 dagger of speed
 K - the +4 scimitar of Forced Transition (weapon) {antimagic, rElec}
   (You bought it in a shop on level 10 of the Dungeon)

   It reduces the magical energy of the wielder, and disrupts the spells and
   magical abilities of those hit.
   Natural abilities and divine invocations are not affected.
   It insulates you from electricity.
 P - a +1 hunting sling of flaming
Missiles
 e - 116 stones (quivered)
 q - 2 curare-tipped darts
 r - 35 sling bullets
Armour
 i - a +1 pair of boots (worn)
 A - a +2 buckler
 D - a +2 kite shield of protection (worn)
 H - a +1 cloak of willpower (worn)
 I - +2 swamp dragon scales (worn)
Jewellery
 l - a ring of fire
 o - a ring of protection from fire
 p - a ring of flight
 u - a ring of see invisible (right hand)
 v - a ring of wizardry
 w - a ring of resist corrosion
 y - a +6 ring of strength
 L - a +6 ring of strength
 O - the ring "Extan" (left hand) {rC+ rN+ rCorr}
   (You bought it in a shop on level 10 of the Dungeon)

   [ring of resist corrosion]

   It protects you from cold.
   It protects you from negative energy.
   It protects you from acid and corrosion.
Wands
 d - a wand of iceblast (20)
 h - a wand of flame (19)
 n - a wand of digging (4)
 B - a wand of polymorph (6)
 G - a wand of acid (2)
Scrolls
 b - a scroll of teleportation
 c - 4 scrolls of identify
 k - 3 scrolls of vulnerability
 m - 3 scrolls of enchant armour
 s - a scroll of blinking
 z - a scroll of immolation
 C - a scroll of amnesia
 E - 2 scrolls of fog
 N - a scroll of holy word
 Q - 3 scrolls of magic mapping
Potions
 a - a potion of might
 f - a potion of flight
 g - 2 potions of mutation
 j - a potion of attraction
 F - a potion of curing
 J - 9 potions of ambrosia
 M - a potion of brilliance


   Skills:
 + Level 7.4 Fighting
 * Level 5.8 Long Blades
 - Level 11.9(12.0) Slings
 - Level 0.1(6.4) Throwing
 * Level 6.1 Armour
 - Level 4.1 Dodging
 - Level 1.8 Stealth
 * Level 7.4 Shields
 * Level 9.0 Invocations
 - Level 8.8 Evocations


You had 11 spell levels left.
You didn't know any spells.
Your spell library contained the following spells:

 Spells                   Type           Power      Damage    Failure   Level
 Animate Skeleton         Necr           0%         N/A       83%         1
 Apportation              Tloc           0%         N/A       83%         1
 Beastly Appendage        Tmut           0%         N/A       83%         1
 Corona                   Hex            0%         N/A       83%         1
 Summon Small Mammal      Summ           0%         N/A       83%         1
 Wereblood                Tmut           0%         N/A       93%         2
 Confusing Touch          Hex            0%         N/A       99%         3
 Gell's Gravitas          Tloc           0%         N/A       99%         3
 Lesser Beckoning         Tloc           0%         N/A       99%         3
 Spider Form              Tmut/Pois      0%         N/A       99%         3
 Tukima's Dance           Hex            0%         N/A       99%         3
 Ice Form                 Ice/Tmut       0%         N/A       100%        4
 Petrify                  Tmut/Erth      0%         N/A       100%        4
 Alistair's Intoxication  Tmut/Pois      0%         N/A       100%        5
 Hydra Form               Tmut           0%         N/A       100%        5
 Metabolic Englaciation   Hex/Ice        0%         N/A       100%        5
 Yara's Violent Unravell  Hex/Tmut       0%         3d3       100%        5
 Invisibility             Hex            0%         N/A       100%        6


Dungeon Overview and Level Annotations

Branches:
Dungeon (11/15)            Temple (0/1) D:6            Lair (1/6) D:9
    Orc (0/2) D:11         Bailey (visited)           IceCv (visited)

Altars:
Cheibriados
Elyvilon
Gozag
Makhleb
Nemelex Xobeh
Qazlal
Ru
Sif Muna
Trog
Uskayaw
Vehumet
Wu Jian
Xom
Zin
The Shining One

Shops:
D:4 !   D:6 ??[   D:7 (   D:10 (((=

Annotations:
D:3 Pikel
D:9 2 transporters, robertstho's ghost, novice DsBe


Innate Abilities, Weirdness & Mutations

You are resistant to damage.
You can heal yourself by infusing magical energy.
You passively map the area around you.
You do not regenerate.


Message History

The polar bear bites you but does no damage.
You block the polar bear's attack. x3
The polar bear claws you but does no damage. x2
You are healed.
The polar bear bites you but does no damage.
The polar bear claws you. You block the polar bear's attack.
You are healed.
The polar bear bites you!
* * * LOW HITPOINT WARNING * * *
You block the polar bear's attack. x2
The polar bear bites you but does no damage.
You block the polar bear's attack. The polar bear barely misses you.
You hit the polar bear.
The polar bear is almost dead.
The polar bear bites you!
* * * LOW HITPOINT WARNING * * *
The polar bear closely misses you. The polar bear barely misses you. x2
You block the polar bear's attack. x2
You hit the polar bear but do no damage.
The polar bear is almost dead.
You block the polar bear's attack. x2
The polar bear claws you but does no damage.
The polar bear bites you.
* * * LOW HITPOINT WARNING * * *
The polar bear closely misses you. x2
You feel clever all of a sudden. The polar bear bites you.
* * * LOW HITPOINT WARNING * * *
You block the polar bear's attack.
The polar bear claws you but does no damage.
You are confused.
You feel invigorated. The polar bear bites you!
* * * LOW HITPOINT WARNING * * *
The polar bear misses you.
The polar bear claws you but does no damage.
The polar bear bites you but does no damage.
The polar bear claws you but does no damage.
The polar bear misses you.
You bump into the rock wall.
The polar bear barely misses you. x2
The polar bear claws you. The polar bear bites you!!
You die...

#.#...........# #..##
##............# ##..##
#P....}.......# #...#
#.............# #...###
P.............# ##....#
#.............## ##....##
...............## ##......#
................## #.......#
..............P.@## ##........
#.............###h######.h.......
##...........## ##h.#.##.........
#............# ##..###....>....
..##........## ##(............
##.##....#### #..(...........
#####..#.# ##..###.####.#. .##
##### #P..# ### ##. ..# #..##


You could see 2 polar bears.

Vanquished Creatures
  Josephine (D:10)
  A necromancer (IceCv)
  2 ice statues (IceCv)
  Maggie (D:9)
  An unseen horror (D:10)
  3 kobold demonologists (D:11)
  6 ice devils (IceCv)
  A queen bee (D:9)
  2 polar bears (Lair:1)
  A hornet (D:9)
  A meliai zombie (D:10)
  2 shadows
  5 wraiths (D:10)
  Eustachio (D:5)
  9 yaks
  A basilisk (D:11)
  4 wargs
  An acid dragon (D:10)
  3 water moccasins
  A hornet zombie (D:6)
  10 orc warriors
  A black bear (D:7)
  4 ice beasts
  A necrophage (D:6)
  3 ogres
  2 sky beasts
  4 lemures (D:4)
  A phantom (D:7)
  9 centaurs
  3 kobold brigands
  Blork the orc (D:6)
  2 bullfrogs
  A scorpion (D:5)
  26 killer bees
  11 howler monkeys
  A jelly (D:4)
  4 centaur zombies
  A draconian simulacrum (IceCv)
  7 orc priests
  3 hounds
  2 centaur skeletons
  3 iguanas
  19 orc wizards
  Ijyb (D:3)
  A spriggan simulacrum (IceCv)
  3 troll simulacra (IceCv)
  3 centaur simulacra (IceCv)
  A gnoll (Bailey)
  10 adders
  A naga simulacrum (IceCv)
  A howler monkey skeleton (D:7)
  An ogre simulacrum (IceCv)
  2 white imps (D:7)
  An adder skeleton (D:4)
  3 worms
  A dart slug (D:3)
  32 orcs
  7 bats
  3 endoplasms
  2 giant cockroaches
  18 goblins
  16 hobgoblins
  2 jackals (D:1)
  3 quokkas
  3 ball pythons
  5 frilled lizards
  38 kobolds
  4 rats
328 creatures vanquished.

Vanquished Creatures (others)
  4 plants (Lair:1)
4 creatures vanquished.

Grand Total: 332 creatures vanquished

Notes
Turn   | Place    | Note
-------+----------+-------------------------------------------
     0 | D:1      | Wyvernaa the Deep Dwarf Hunter began the quest for the Orb.
     0 | D:1      | Reached XP level 1. HP: 19/19 MP: 1/1
   104 | D:1      | Found a faded altar of an unknown god.
   207 | D:1      | Reached XP level 2. HP: 24/26 MP: 2/2
   259 | D:1      | Reached skill level 5 in Slings
   949 | D:2      | Reached XP level 3. HP: 27/32 MP: 3/3
  1705 | D:3      | Reached XP level 4. HP: 31/39 MP: 4/4
  1826 | D:3      | Reached skill level 6 in Slings
  1998 | D:3      | Reached skill level 1 in Armour
  2003 | D:3      | Noticed Ijyb
  2025 | D:3      | Killed Ijyb
  2031 | D:3      | Reached XP level 5. HP: 28/46 MP: 5/5
  2543 | D:4      | Found a white marble altar of Elyvilon.
  2564 | D:4      | Noticed Pikel
  2564 | D:4      | Noticed a lemure
  2564 | D:4      | Noticed a lemure
  2565 | D:4      | Noticed a lemure
  2566 | D:4      | Noticed a lemure
  2678 | D:4      | Reached skill level 1 in Evocations
  2704 | D:4      | Killed a lemure
  2814 | D:4      | Killed a lemure
  2864 | D:4      | Killed a lemure
  2906 | D:4      | Found Gavuenku's Distillery.
  3051 | D:4      | Reached skill level 7 in Slings
  3051 | D:4      | Reached XP level 6. HP: 39/56 MP: 6/6
  3452 | D:5      | Entered Level 5 of the Dungeon
  3505 | D:5      | Noticed Eustachio
  3556 | D:5      | Killed Eustachio
  3557 | D:5      | Reached XP level 7. HP: 26/63 MP: 7/7
  3762 | D:5      | Reached skill level 8 in Slings
  3968 | D:5      | Found a shimmering altar of Xom.
  4338 | D:4      | Became a worshipper of Elyvilon the Healer
  4466 | D:5      | Found a shimmering blue altar of Sif Muna.
  4748 | D:5      | Reached XP level 8. HP: 27/72 MP: 6/6
  5117 | D:6      | Found Piquegg's Magic Scroll Shoppe.
  5118 | D:6      | You fall into a shaft and drop 2 floors!
  5204 | D:6      | Reached * piety under Elyvilon
  5209 | D:5      | Noticed a rust devil
  5209 | D:5      | Noticed a rust devil
  5364 | D:6      | Found Loewurch's Antique Armour Shop.
  5368 | D:6      | Bought a pair of glowing boots for 225 gold pieces
  5558 | D:6      | Reached skill level 1 in Invocations
  5600 | D:6      | Reached skill level 9 in Slings
  5715 | D:6      | Noticed Blork the orc
  5728 | D:6      | Killed Blork the orc
  5742 | D:6      | Found a staircase to the Ecumenical Temple.
  5889 | D:6      | Found Ehuf Feo's Magic Scroll Shop.
  6076 | D:6      | Reached skill level 5 in Evocations
  6510 | D:7      | Reached ** piety under Elyvilon
  6686 | D:7      | Found a sparkling altar of Nemelex Xobeh.
  6853 | D:7      | Reached skill level 5 in Fighting
  6981 | D:7      | Gained mutation: You passively map the area around you.
                  | [Deep Dwarf growth]
  6981 | D:7      | Reached XP level 9. HP: 69/81 MP: 7/7
  6994 | D:7      | Reached skill level 10 in Slings
  7231 | D:7      | Found Jigethec's Antique Weapon Shop.
  7553 | D:7      | Found a sacrificial altar of Ru.
  7553 | D:7      | Found an opulent altar of Gozag.
  8034 | D:8      | Noticed a two-headed ogre
  8174 | D:8      | Reached skill level 1 in Shields
  9033 | D:8      | Found a hide-covered altar of Uskayaw.
  9359 | D:9      | Noticed Maggie
  9360 | D:9      | Reached skill level 5 in Invocations
  9403 | D:9      | Killed Maggie
  9408 | D:9      | Found a transporter.
  9408 | D:9      | Noticed a death knight
  9463 | D:9      | Noticed robertstho's ghost (novice DsBe)
  9465 | D:9      | Found a transporter.
  9487 | D:9      | Noticed a skeletal warrior
  9499 | D:9      | Reached skill level 11 in Slings
  9519 | D:9      | Found a flagged portal.
  9527 | Bailey   | Entered a bailey
  9695 | Bailey   | Reached XP level 10. HP: 90/90 MP: 10/10
  9966 | Bailey   | Elyvilon protects you from harm!
 10834 | D:9      | Found a burning altar of Makhleb.
 10834 | D:9      | Noticed an Executioner
 10835 | D:9      | Found a glowing silver altar of Zin.
 10835 | D:9      | Noticed an angel
 11284 | D:9      | Found a staircase to the Lair.
 12350 | D:9      | Identified a scroll of acquirement
 12351 | D:9      | Acquired a +1 kite shield of protection
 12434 | D:10     | Entered Level 10 of the Dungeon
 12469 | D:10     | Found a snail-covered altar of Cheibriados.
 12475 | D:10     | Found Jucsu's Weapon Emporium.
 12535 | D:10     | Noticed Josephine
 12572 | D:10     | Killed Josephine
 12583 | D:10     | Reached XP level 11. HP: 53/99 MP: 10/10
 12806 | D:10     | Reached skill level 5 in Shields
 12831 | D:10     | Found a radiant altar of Vehumet.
 12833 | D:10     | Found Xogun's Antique Weapon Shoppe.
 12844 | D:10     | Bought a crude scimitar for 288 gold pieces
 12844 | D:10     | Identified the +4 scimitar of Forced Transition {antimagic,
                  | rElec} (You bought it in a shop on level 10 of the Dungeon)
 12881 | D:10     | Found a bloodstained altar of Trog.
 13014 | D:10     | Found a glowing golden altar of the Shining One.
 13062 | D:10     | Found a stormy altar of Qazlal.
 13143 | D:10     | Found Veqiclun's Jewellery Shop.
 13147 | D:10     | Bought the ring "Extan" {rC+ rN+ rCorr} for 573 gold pieces
 13185 | D:10     | Found Tiok's Antique Weapon Shop.
 13205 | D:10     | Bought a glowing hunting sling for 94 gold pieces
 13265 | D:10     | Reached skill level 1 in Long Blades
 13290 | D:10     | Found an ornate altar of the Wu Jian Council.
 14077 | D:11     | Reached skill level 5 in Armour
 14082 | D:11     | Found a frozen archway.
 14102 | IceCv    | Entered an ice cave
 15040 | IceCv    | Noticed a necromancer
 15081 | IceCv    | Killed a necromancer
 15363 | D:11     | Reached skill level 5 in Long Blades
 15656 | D:11     | Found a staircase to the Orcish Mines.
 16146 | D:11     | Noticed a tengu warrior
 16146 | D:11     | Noticed a two-headed ogre
 16233 | Lair:1   | Entered Level 1 of the Lair of Beasts
 16694 | Lair:1   | Reached XP level 12. HP: 102/109 MP: 11/11
 16779 | Lair:1   | Slain by a polar bear

Illustrated notes

Levels and vault maps discovered:
D:1:      dpeg_arrival_signposts, layout_basic,
          hellmonk_ecumenical_altar_arch_garden
D:2:      layout_loops_ring, grunt_decor_clamped
D:3:      layout_rooms, lightli_corner_chamber, uniq_ijyb
D:4:      cheibrodos_greedy_goblins, layout_basic, lemuel_tele_altar,
          serial_shops, nicolae_shop_waterfront, uniq_pikel
D:5:      cheibrodos_iron_armory, layout_loops_cross,
          nicolae_overflow_crystal_walls, led_sif_pool, uniq_eustachio
D:6:      layout_basic, temple_pool_b, serial_shops, nicolae_shop_trees, shop,
          shop_coins, kennysheep_generic_room_3, uniq_blork_the_orc
D:7:      layout_layer_cave, gammafunk_temple_overflow_elements,
          nemelex_spade_bored_becter, serial_shops, shop
D:8:      layout_rooms, nicolae_uskayaw_suspiria
D:9:      layout_roguey [special_room_bee],
          grunt_temple_overflow_order_and_chaos_2, erik_lair_orcish_takeover,
          enter_bailey_2, gammafunk_ghost_mausoleum, uniq_maggie
D:10:     layout_loops_ring, lemuel_crystal_altar, general_overflow_altar,
          lightli_temple_of_fire, nicolae_qazlal_general_emergency,
          kennysheep_mini, overflow_temple_1_default, serial_shops, shop, shop,
          nicolae_shop_trees, nicolae_shop_stone, uniq_josephine
D:11:     layout_basic, erik_orc_3, portal_ice_cave_entry_pillars_1
Lair:1:   layout_cave_pods, gammafunk_ghost_berserking_beasts,
          cheibrodos_lair_lostbears, serial_bayou_shore_b

Skill      XL: |  1  2  3  4  5  6  7  8  9 10 11 |
---------------+----------------------------------+-----
Slings         | 5 6 7 8 9 11 | 11.9
Fighting       | 2 3 4 5 6 7 |  7.4
Armour         | 1 3 4 6 |  6.1
Evocations     | 1 2 4 5 7 8 |  8.8
Invocations    | 3 5 7 9 |  9.0
Dodging        | 3 4 |  4.1
Shields        | 2 4 7 |  7.4
Long Blades    | 5 |  5.8
Throwing       | |  0.1
Stealth        | |  1.8

Action                   |  1- 3 |  4- 6 |  7- 9 | 10-12 || total
-------------------------+-------+-------+-------+-------++-------
Melee: Falchion          |       |       |    60 |   222 ||   282
       Hunting sling     |       |       |    10 |     2 ||    12
       Scimitar          |       |       |       |   208 ||   208
 Fire: Hunting sling     |    75 |   311 |   569 |   928 ||  1883
Throw: Stone             |       |       |    14 |       ||    14
Invok: Lesser Healing    |       |       |    47 |    92 ||   139
       Heal Other        |       |       |     5 |     1 ||     6
       Divine Protection |       |       |       |     2 ||     2
 Abil: Heal Wounds       |       |     4 |    15 |    18 ||    37
Evoke: Wand              |       |     2 |     1 |    26 ||    29
  Use: Scroll            |     3 |     3 |     8 |     7 ||    21
       Potion            |       |       |     8 |     6 ||    14
 Stab: Distracted        |       |       |     1 |       ||     1
       Sleeping          |       |       |       |     1 ||     1
Armor: Leather armour    |     7 |       |    96 |    30 ||   133
       Scale mail        |     2 |    63 |    21 |       ||    86
       Swamp dragon scal |       |       |       |   413 ||   413
Dodge: Dodged            |    19 |    85 |   173 |   451 ||   728
Block: Buckler           |       |       |    53 |   116 ||   169
       Kite shield       |       |       |       |   503 ||   503
       Rpst.: Falchion   |       |       |    10 |    30 ||    40
       Scimitar          |       |       |       |    23 ||    23

Table legend: (Time is in decaauts)
 A = Elapsed time spent in this place.
 B = Non-inter-level travel time spent in this place.
 C = Inter-level travel time spent in this place.
 D = Time resting spent in this place.
 E = Time spent auto-exploring this place.
 F = Levels seen in this place.
 G = Mean time per level.
                   A        B        C        D        E       F      G
               +--------+--------+--------+--------+--------+-----+--------+
         Total |  16564 |  16135 |    429 |   3426 |   6828 |  14 | 1183.1 |
       Dungeon |  13955 |  13527 |    428 |   2683 |   6556 |  11 | 1268.6 |
          Lair |    240 |    240 |      0 |      0 |    126 |   1 |  240.0 |
        Bailey |   1249 |   1249 |      0 |    483 |    146 |   1 | 1249.0 |
      Ice Cave |   1119 |   1119 |      0 |    260 |      0 |   1 | 1119.0 |
               +--------+--------+--------+--------+--------+-----+--------+

Top non-repeatable levels by time:
     D:7: 1913 daAuts
     D:9: 1808 daAuts
    D:10: 1672 daAuts
     D:8: 1425 daAuts
     D:5: 1387 daAuts
     D:4: 1252 daAuts
  Bailey: 1249 daAuts
   IceCv: 1119 daAuts
    D:11: 1072 daAuts
     D:6: 1063 daAuts
     D:2: 996 daAuts
     D:1: 699 daAuts
     D:3: 665 daAuts
  Lair:1: 240 daAuts
